 Dungeon Crawl Stone Soup version 0.31.0-32-g396128a36d (webtiles) character file.

Game seed: 17153745635293716549

102 tizbic2 the Trooper (level 4, -4/37 HPs)
             Began as a Demonspawn Monk on Apr 7, 2024.
             Killed by divine providence
             ... invoked by an orc priest
              (16 damage)
             ... on level 4 of the Dungeon.
             The game lasted 00:09:01 (2448 turns).

tizbic2 the Trooper (Demonspawn Monk)               Turns: 2448, Time: 00:09:02

Health: -4/37      AC: 11    Str: 13    XL:     4   Next: 50%
Magic:  4/4        EV:  3    Int: 10    God:
Gold:   116        SH:  0    Dex: 16    Spells: 3/3 levels left

rFire   . . .        v - +2 hand axe (venom)
rCold   . . .        (no shield)
rNeg    . . .        j - +0 plate armour
rPois   .            (no helmet)
rElec   .            r - +0 cloak
rCorr   .            (no gloves)
SInv    .            (no boots)
Will    .....        m - amulet of magic regeneration Stlth
                     (no ring)
HPRegen 0.26/turn    (no ring)
MPRegen 0.49/turn

%: no passive effects
@: confused, ambrosia-drunk
A: weakness stinger 2
a: no special abilities


You were on level 4 of the Dungeon.
You visited 1 branch of the dungeon, and saw 4 of its levels.

You collected 236 gold pieces.
You spent 120 gold pieces at shops.

Inventory:

Hand Weapons
 a - a +0 hand axe
 b - a +2 hand axe of flaming
 e - a +1 antimagic dagger
 f - a +0 sling
 q - a +2 quarterstaff of chaos
 v - a +2 hand axe of venom (weapon)
Missiles
 u - 6 poisoned darts (quivered)
Armour
 d - an orb of light
 j - a +0 plate armour (worn)
 k - a +0 ring mail of fire resistance
 r - a +0 cloak (worn)
Jewellery
 m - an amulet of magic regeneration (around neck)
Wands
 p - a wand of flame (20)
Scrolls
 h - a scroll of revelation {unknown}
 l - a scroll of poison {unknown}
 n - a scroll of vulnerability {unknown}
 o - a scroll of immolation {unknown}
 t - a scroll of identify
 x - a scroll of noise {unknown}
Potions
 g - a potion of heal wounds {unknown}
 i - 2 potions of brilliance {unknown}
 s - 2 potions of attraction
 w - a potion of might {unknown}


   Skills:
 + Level 3.9 Fighting
 * Level 3.7 Axes
 + Level 3.3 Dodging


You had 3 spell levels left.
You didn't know any spells.
Your spell library contained the following spells:

 Spells                   Type           Power      Damage    Failure   Level
 Gell's Gravitas          Tloc           0%         N/A       100%        3
 Teleport Other           Tloc           0%         N/A       100%        3
 Dispersal                Tloc           0%         N/A       100%        6


Dungeon Overview and Level Annotations

Branches:
Dungeon (4/15)
 Temple: D:4-7

Altars:

Shops:
D:3 =*[[


Innate Abilities, Weirdness & Mutations

You have a tail ending in a sharp stinger.


Message History

There is a stone staircase leading up here.
Found a stone staircase leading down.
Found a There-And-Back Book.
There is a stone staircase leading down here.
You pick up a There-And-Back Book and begin reading...
You add the spells Gell's Gravitas, Teleport Other and Dispersal to your library.
An orc priest comes into view. It is wielding a +0 flail.
The orc priest shouts!
An orc comes into view. It is wielding a +0 club.
The orc shouts!
An orc comes into view. It is wielding a +0 trident.
An orc comes into view. It is wielding a +0 mace.
The orc priest calls down the wrath of Beogh upon you.
Beogh smites you!
The orc shouts!
The orc priest miscasts a cantrip.
An orc comes into view.
It is wielding a +1 hand axe of flaming.
The orc shouts!
The orc priest hits you with a +0 flail.
You hit the orc priest but do no damage.
You tail-slap the orc priest, but do no damage.
The orc priest invokes the aid of Beogh against you.
Beogh smites you!
* * * LOW HITPOINT WARNING * * *
You hit the orc priest but do no damage.
The orc priest is poisoned.
Your tail-slap misses the orc priest.
The orc priest hits you but does no damage.
You hit the orc priest.
The orc priest looks as sick as possible!
You tail-slap the orc priest, but do no damage.
The orc priest is moderately wounded.
The orc priest hits you with a +0 flail.
* * * LOW HITPOINT WARNING * * *
You are confused.
You feel invigorated.
The orc priest hits you with a +0 flail.
* * * LOW HITPOINT WARNING * * *
The orc priest mumbles some strange prayers to Beogh against you.
Beogh smites you!
You die...

#<#.#.# #...#.#
#.#.#.# #.#.#.#
.#.#.#.#.#
........>.#
......#...#
##############...#
..ooooo.@........#
#########........#
.......######.#
#####.## .# #. .#
.. ## .#+ .. ..


You could see an orc priest (extremely poisoned) and 4 orcs.

Vanquished Creatures
  Crazy Yiuf (D:2)
  2 adders
  2 dart slugs (D:1)
  A ribbon worm (D:2)
  An endoplasm (D:3)
  7 giant cockroaches
  5 goblins
  4 hobgoblins
  2 jackals (D:1)
  2 quokkas
  4 ball pythons
  5 bats
  3 frilled lizards (D:1)
  5 kobolds
  4 rats
48 creatures vanquished.

Notes
Turn   | Place    | Note
-------+----------+-------------------------------------------
     0 | D:1      | tizbic2 the Demonspawn Monk began the quest for the Orb.
     0 | D:1      | Reached XP level 1. HP: 18/18 MP: 1/1
   148 | D:1      | Gained mutation: You have a small tail. [demonic ancestry]
   148 | D:1      | Reached XP level 2. HP: 19/24 MP: 2/2
   743 | D:1      | Gained mutation: You have a tail ending in a sharp stinger.
                  | [demonic ancestry]
   743 | D:1      | Reached XP level 3. HP: 28/29 MP: 3/3
  1286 | D:2      | Found a runed translucent door.
  1287 | D:2      | Noticed Crazy Yiuf
  1294 | D:2      | Killed Crazy Yiuf
  1295 | D:2      | Reached XP level 4. HP: 18/37 MP: 1/4
  1702 | D:3      | Found Wyrghop's Jewellery Boutique.
  1855 | D:3      | Found Winkyf Nisa's Antique Armour Boutique.
  1894 | D:3      | Found Plog's Assorted Antiques.
  1902 | D:3      | Bought a runed hand axe for 120 gold pieces
  2057 | D:3      | Found Ofez's Antique Armour Shop.
  2336 | D:3      | Found a faded altar of an unknown god.
  2448 | D:4      | Killed from afar by an orc priest

Illustrated notes

Levels and vault maps discovered:
D:1:      scummos_arrival_gate, layout_basic, minmay_misc_feat_room
D:2:      layout_loops_ring, minmay_tromino_v2, uniq_crazy_yiuf_cottage
D:3:      layout_loops_cross, serial_shops, nicolae_shop_hallway_plus,
          nicolae_shop_statue_plus, shop, shop,
          ebering_ecumenical_altar_abandoned, serial_co_window_serial,
          co_window_paths_a, co_window_paths_b, co_window_paths_a,
          co_window_cross_1, co_window_paths_a, co_window_corner_a,
          co_window_paths_a, co_window_of_opportunity_a, co_window_paths_b,
          co_window_2corner, co_window_unsneaky_path_a, co_window_paths_c,
          co_window_corner_b, co_window_of_opportunity_c,
          co_window_of_opportunity_b, co_window_4corner_b, glass_columns_a,
          glass_columns_c, glass_columns_b, glass_columns_b, glass_columns_b
D:4:      layout_basic, nicolae_overflow_two_pavilions, uniq_ijyb

Skill      XL: |  1  2 |
---------------+-------+-----
Axes           | 3 |  3.7
Dodging        | 3 |  3.3
Fighting       | |  3.9

Action                     |  1- 3 |  4- 6 || total
---------------------------+-------+-------++-------
  Melee: Hand axe          |    82 |    19 ||   101
         Dagger            |    13 |       ||    13
         Tailslap          |     9 |     4 ||    13
         Quarterstaff      |       |    17 ||    17
    Use: Scroll            |       |     2 ||     2
         Potion            |       |     1 ||     1
 Armour: Robe              |    24 |       ||    24
         Chain mail        |    20 |       ||    20
         Ring mail         |    31 |     5 ||    36
         Plate armour      |       |    24 ||    24
  Dodge: Dodged            |    55 |    12 ||    67
